 Dungeon Crawl Stone Soup version 0.17-a0-1324-ga541562 (webtiles) character file.

9347 RobertPalmer the Basher (level 11, -4/119 HPs)
             Began as an Ogre Chaos Knight on June 8, 2015.
             Succumbed to a manticore's barbed spikes
             ... on level 10 of the Dungeon on June 9, 2015.
             The game lasted 00:35:53 (13726 turns).

RobertPalmer the Basher (Ogre Chaos Knight)        Turns: 13726, Time: 00:35:54

Health: -4/119     AC: 10    Str: 22      XL:     11   Next: 45%
Magic:  11/11      EV: 12    Int: 15 (16) God:    Xom [.....*]
Gold:   628        SH:  0    Dex:  7      Spells: 0 memorised, 10 levels left

rFire  . . .     SeeInvis .     a - +1 dire flail (venom)
rCold  . . .     Clarity  .     t - +2 robe
rNeg   . . .     SustAt   .     (no shield)
rPois  .         Gourm    .     (helmet restricted)
rElec  .         Spirit   .     x - +1 cloak
rCorr  .         Warding  .     (gloves unavailable)
rMut   .         Stasis   .     (boots unavailable)
MR     +....                    (no amulet)
Stlth  +.........               (no ring)
                                r - +3 ring of strength

@: manticore barbs, somewhat resistant to hostile enchantments, very unstealthy
A: unfitting armour, horns 2, iridescent scales 1, clever 1, clumsy 1, deformed
body, deterioration 1, sense surroundings 1, spit poison 1, tough skin 1,
subdued magic 1
a: Spit Poison, Renounce Religion


You were on level 10 of the Dungeon.
You worshipped Xom.
You were Xom's teddy bear.
You were not hungry.

You visited 1 branch of the dungeon, and saw 10 of its levels.
You also visited: Sewer and Bailey.

You collected 650 gold pieces.
You spent 22 gold pieces at shops.

Inventory:

Hand weapons
 a - a +1 dire flail of venom (weapon)
   (You took it off a wight on level 8 of the Dungeon)
 h - a +0 giant spiked club
   (You took it off an ogre on level 9 of the Dungeon)
 u - a +0 blowgun
   (You took it off a kobold on level 7 of the Dungeon)
Missiles
 w - 43 poisoned needles
Armour
 t - a +2 robe (worn)
 x - a +1 cloak (worn)
   (You took it off Crazy Yiuf on level 7 of the Dungeon)
Magical staves
 k - an uncursed staff of cold {unknown}
   (You found it on level 7 of the Dungeon)
Jewellery
 f - an uncursed ring of magical power {MP+9}
   (You took it off an orc on level 9 of the Dungeon)
 l - an uncursed ring of wizardry {Wiz+, !d}
   (You found it on level 7 of the Dungeon)
 p - the ring "Bitubbush" {rElec rPois rF- Str-3 Dex+7}
   (You found it on level 9 of the Dungeon)

   [ring of strength]

   It affects your strength (-3).
   It affects your dexterity (+7).
   It makes you vulnerable to fire.
   It insulates you from electricity.
   It protects you from poison.
 r - a +3 ring of strength (left hand)
   (You found it on level 3 of the Dungeon)
 D - an uncursed ring of magical power {MP+9}
   (You found it on level 8 of the Dungeon)
Magical devices
 j - a wand of paralysis (7)
   (You found it on level 5 of the Dungeon)
 m - a wand of random effects (35)
   (You found it on level 10 of the Dungeon)
 v - a wand of cold (0)
   (You found it on level 4 of the Dungeon)
 A - a wand of frost (4)
   (You found it on level 8 of the Dungeon)
 G - a wand of polymorph (1)
   (You found it on level 8 of the Dungeon)
 H - a wand of fire (0)
   (You found it on level 8 of the Dungeon)
Scrolls
 d - 8 scrolls of identify
 e - a scroll of enchant weapon
 n - 5 scrolls of remove curse
 q - a scroll of amnesia
 C - a scroll of recharging
Books
 b - a Fen Folio
   (You found it on level 8 of the Dungeon)
Miscellaneous
 g - a disc of storms
   (Xom gifted it to you on level 9 of the Dungeon)
Comestibles
 c - 4 bread rations {@e1}
 i - a beef jerky
 o - 15 fruits
 s - 10 royal jellies
 z - 3 chunks of flesh {@w0}
 K - 7 slices of pizza
 L - 3 meat rations {@e2}


   Skills:
 + Level 10.5 Fighting
 - Level 14.5 Maces & Flails
 - Level 10.5 Dodging


You had 10 spell levels left.
You didn't know any spells.

Dungeon Overview and Level Annotations

Branches:
Dungeon (10/15)            Temple (0/1) D:7            Lair (0/8) D:8
    Orc: D:9-12

Altars:
Qazlal
Vehumet
Xom

Shops:
D:9 [   D:10 :

Annotations:
D:6 Dowan, Duvessa, Grinder
D:10 exclusion: ice statue


Innate Abilities, Weirdness & Mutations

You are too large for most types of armour.
You have tough skin (AC +1).
You have a pair of horns on your head.
You are partially covered in iridescent scales (AC +4).
Your mind is acute. (Int +2)
You are clumsy. (Dex -2)
Armour fits poorly on your strangely shaped body.
Your body sometimes deteriorates upon taking damage.
You passively map a small area around you.
You can spit weak poison.
Your spells are a little easier to cast, but a little less powerful.


Message History

The giant frog hits you but does no damage.
A manticore and 2 giant frogs come into view.
The giant frog gives a loud, deep croak!
You hit the giant frog.
The giant frog is poisoned.
Xom rains down devastation!
The fireball engulfs the manticore.
The fireball engulfs the giant frog.
The fireball engulfs the giant frog.
The fireball engulfs the manticore.
The fireball engulfs the centaur.
Unknown command.
The giant frog hits you.
A basilisk comes into view.
You take 1 damage, and have 105/118 hp.
You sock the giant frog!
The giant frog looks even sicker.
You headbutt the giant frog.
You kill the giant frog!
You sock the slime creature!
The slime creature is poisoned.
A six-headed hydra comes into view.
You impale the slime creature!!
The slime creature looks even sicker.
The slime creature hits you!!
Your body deteriorates!
You feel dopey.
You take 18 damage, and have 87/118 hp.
You impale the slime creature!! You headbutt the slime creature.
You hit the slime creature. You headbutt the slime creature.
You kill the slime creature!
The centaur wields a shortbow.
The centaur shoots an arrow of flame.
The arrow of flame hits you! The arrow of flame burns you.
You see here an arrow of flame.
You take 9 damage, and have 78/119 hp.
The centaur shoots an arrow of flame.
The arrow of flame hits you! The arrow of flame burns you.
You see here an arrow of flame.
You take 14 damage, and have 65/119 hp.
You see here a falchion. "This might be better!"
The giant frog evaporates and reforms as a worm!
The centaur shoots an arrow of flame.
The arrow of flame completely misses you.
The centaur shoots an arrow of flame.
The arrow of flame hits you. The arrow of flame burns you.
You see here an arrow of flame.
You take 7 damage, and have 58/119 hp.
A manticore comes into view.
Read which item? (? for menu, Esc to quit)
Okay, then.
The giant frog hits you.
A sky beast comes into view.
You take 3 damage, and have 56/119 hp.
The sky beast flickers out of sight!
Deactivating autopickup; reactivate with Ctrl-A.
The centaur unwields an uncursed shortbow.
The centaur hits you but does no damage.
A hill giant comes into view. It is wielding a giant spiked club.
The hill giant shouts!
The centaur barely misses you. The giant frog closely misses you.
The manticore flicks its tail.
The volley of spikes hits you!
The barbed spikes become lodged in your body.
You take 3 damage, and have 53/119 hp.
Read which item? (? for menu, Esc to quit)
Okay, then.
You aren't carrying any potions.
The disc glows for a moment, then fades.
The centaur closely misses you. The giant frog barely misses you.
The centaur misses you.
The manticore flicks its tail.
The volley of spikes misses you. Something hits you but does no damage.
Aim: a six-headed hydra The bolt of fire hits the six-headed hydra.
Evoking this partially-identified wand wasted a few charges.
The giant frog hits you. The centaur barely misses you.
The giant frog completely misses you. Something hits you but does no damage.
You take 5 damage, and have 48/119 hp.
Aim: a six-headed hydra (moderately wounded) Nothing appears to happen.
The centaur closely misses you.
The giant frog hits you but does no damage.
Something hits you but does no damage. The centaur hits you.
You take 3 damage, and have 45/119 hp.
The barbs in your skin will harm you if you move.
Continue?
The barbed spikes dig painfully into your body as you move.
The manticore closely misses you.
The manticore claws you but does no damage.
The manticore claws you!
* * * LOW HITPOINT WARNING * * *
The hill giant hits you with a giant spiked club!!
* * * LOW HITPOINT WARNING * * *
Something hits you but does no damage.
You take 38 damage, and have 7/119 hp.
MASSIVE DAMAGE!!
Unknown command.
The barbed spikes dig painfully into your body as you move.
* * * LOW HITPOINT WARNING * * *
You take 6 damage, and have 1/119 hp.
Unknown command.
Unknown command.
Unknown command.
Unknown command.
The barbed spikes dig painfully into your body as you move.
You die...
Xom giggles madly!

...#......######.####
#+†......##.........##
..#..................#
..#.................§#
..+............D..§..#
..............)(.(...#
+####....##((#####..##
.§..#....##.w#####.##
.§..+.......cFH.@..##
..###....##..{DC....#
..###....##...#l....#
.............H......#
.........####.####..#
..##.##+.#,....,,#..#
#+##.##.H*......,#.##
......+..*.......*.#
......#,,,,..8....,*


You could see a six-headed hydra, a hill giant, a manticore, a basilisk, a giant
frog, a centaur and a worm.

Vanquished Creatures
  A hydra (D:8)
  An unseen horror (D:9)
  A troll (D:9)
  A slime creature (D:10)
  2 two-headed ogres (D:9)
  A trapdoor spider zombie (D:10)
  A wyvern (D:9)
  A yak (D:9)
  A deep elf mage (D:9)
  A wolf (D:4)
  4 hungry ghosts
  4 hippogriffs (D:9)
  4 sky beasts
  6 orc warriors
  A black bear (D:8)
  Purgy (D:4)
  An ice beast (D:9)
  A wasp (D:9)
  5 ogres
  An eye of draining (D:9)
  A phantom (D:9)
  4 centaurs
  4 big kobolds
  Blork the orc (D:4)
  3 giant frogs
  A gnoll sergeant (D:5)
  A wyvern skeleton (D:8)
  3 scorpions
  7 wights
  6 killer bees
  A giant frog zombie (D:9)
  8 orc priests
  Crazy Yiuf (D:7)
  3 crimson imps
  4 hounds
  5 jellies
  A giant frog skeleton (D:4)
  4 iguanas
  8 orc wizards
  3 worker ants
  Terence (D:2)
  3 centaur skeletons
  A hound skeleton (D:8)
  Robin (D:4)
  19 gnolls
  17 adders
  2 river rats (Sewer)
  A shadow imp (D:9)
  A white imp (D:5)
  2 oozes
  An adder skeleton (D:8)
  2 worms
  5 giant geckos
  57 orcs
  A ball python (D:6)
  23 bats
  2 bat skeletons
  6 giant cockroaches
  24 hobgoblins
  14 jackals
  23 kobolds
  5 quokkas
  A giant gecko skeleton (D:8)
  2 giant gecko zombies
  6 giant newts
  34 goblins
  A jackal simulacrum (D:9)
  17 rats
  4 fungi (D:9)
  A plant (D:8)
385 creatures vanquished.

Vanquished Creatures (collateral kills)
  2 yaks (D:8)
  A phantom (D:4)
  A sky beast (D:10)
  A big kobold (D:8)
  An iguana (D:9)
  A worker ant (D:4)
  2 sheep (D:8)
  A rat (D:2)
10 creatures vanquished.

Vanquished Creatures (others)
  An adder (D:9)
  A shadow imp (D:10)
  A hobgoblin (D:2)
  A goblin (D:4)
4 creatures vanquished.

Grand Total: 399 creatures vanquished

Notes
Turn   | Place    | Note
--------------------------------------------------------------
     0 | D:1      | RobertPalmer the Ogre Chaos Knight began the quest for the Orb.
     0 | D:1      | Reached XP level 1. HP: 24/24 MP: 1/1
    22 | D:1      | XOM: smoke on damage
    62 | D:1      | Reached XP level 2. HP: 29/32 MP: 2/2
   140 | D:1      | XOM: silly message
   145 | D:1      | Reached skill level 5 in Maces & Flails
   573 | D:1      | Reached XP level 3. HP: 39/39 MP: 3/3
   881 | D:2      | Reached skill level 6 in Maces & Flails
   888 | D:2      | HP: 7/39 [gnoll/spear (6)]
   890 | D:2      | XOM: harmless Air miscast
   893 | D:2      | HP: 7/39 [gnoll/spear (6)]
   894 | D:2      | Reached XP level 4. HP: 8/48 MP: 4/4
   935 | D:2      | XOM: silly message
   949 | D:2      | HP: 12/48 [bat (1)]
   954 | D:2      | HP: 9/48 [poisoned by a gnoll]
   956 | D:2      | XOM: enchant monster (good)
   962 | D:2      | HP: 8/48 [poisoned by a gnoll]
   962 | D:2      | XOM: smoke on damage
   970 | D:2      | HP: 7/48 [poisoned by a gnoll]
  1100 | D:2      | Noticed Terence
  1143 | D:2      | Killed Terence
  1143 | D:2      | Reached skill level 7 in Maces & Flails
  1369 | D:2      | XOM: harmless Trmt miscast
  1742 | D:2      | Reached XP level 5. HP: 52/54 MP: 5/5
  1976 | D:3      | XOM: polymorph orc -> adder
  2059 | D:3      | XOM: harmless Trmt miscast
  2165 | D:3      | Reached skill level 8 in Maces & Flails
  2360 | D:3      | XOM: 8-stop teleportation journey
  2574 | D:3      | XOM: summons 2 hostile demons
  2626 | D:4      | Noticed an ogre
  2629 | D:4      | XOM: butterfly on damage
  2632 | D:4      | XOM: fake destruction
  2641 | D:4      | Killed an ogre
  2641 | D:4      | Reached XP level 6. HP: 20/62 MP: 6/6
  2683 | D:4      | XOM: give mutation
  2683 | D:4      | Gained mutation: You are clumsy. (Dex -2) [Xom's mischief]
  2809 | D:4      | Reached skill level 9 in Maces & Flails
  2878 | D:4      | XOM: 6-stop teleportation journey
  2879 | D:4      | Noticed Edmund
  2891 | D:4      | Noticed Edmund
  2891 | D:4      | Edmund changed into Edmund the wolf
  2891 | D:4      | XOM: polymorph Edmund -> Edmund the wolf
  2893 | D:4      | XOM: enchant monster (good)
  2929 | D:4      | HP: 14/62 [Edmund the wolf (7)]
  2930 | D:4      | HP: 3/62 [Edmund the wolf (11)]
  2934 | D:4      | Killed Edmund the wolf
  3008 | D:4      | XOM: 2-stop teleportation journey
  3063 | D:4      | XOM: 1-stop teleportation journey
  3186 | D:4      | XOM: 4-stop teleportation journey
  3235 | D:4      | XOM: 3-stop teleportation journey
  3287 | D:4      | Reached skill level 10 in Maces & Flails
  3287 | D:4      | Reached XP level 7. HP: 62/70 MP: 7/7
  3293 | D:4      | Noticed Purgy
  3295 | D:4      | XOM: swap monsters
  3303 | D:4      | Killed Purgy
  3318 | D:4      | Noticed a phantom
  3320 | D:4      | XOM: summons 7 friendly demons
  3335 | D:4      | Killed a phantom
  3480 | D:4      | Noticed Robin
  3490 | D:4      | Reached skill level 11 in Maces & Flails
  3500 | D:4      | Killed Robin
  3515 | D:4      | Noticed Blork the orc
  3522 | D:4      | Killed Blork the orc
  3615 | D:4      | XOM: vitrification
  3633 | D:4      | XOM: god gift: runed battleaxe {god gift}
  3726 | D:4      | XOM: 1-stop teleportation journey
  3742 | D:4      | XOM: summons 4 friendly demons
  3800 | D:4      | XOM: god gift: 8 royal jellies
  3887 | D:4      | XOM: potion effect (berserk rage)
  3893 | D:4      | Reached XP level 8. HP: 78/78 MP: 8/8
  3969 | D:5      | Entered Level 5 of the Dungeon
  3973 | D:5      | XOM: polymorph goblin -> jackal
  3979 | D:5      | Reached skill level 12 in Maces & Flails
  4041 | D:5      | Found a stormy altar of Qazlal.
  4201 | D:5      | XOM: god gift: plate armour {god gift}
  4281 | D:5      | XOM: 4-stop teleportation journey
  4307 | D:5      | XOM: fog
  4443 | D:5      | XOM: colour smoke trail
  4456 | D:5      | Reached skill level 13 in Maces & Flails
  4508 | D:5      | XOM: give mutations
  4508 | D:5      | Gained mutation: Armour fits poorly on your strangely shaped body. [Xom's mischief]
  4508 | D:5      | Gained mutation: Your spells are a little easier to cast, but a little less powerful. [Xom's mischief]
  4508 | D:5      | Gained mutation: Your body sometimes deteriorates upon taking damage. [Xom's mischief]
  4725 | D:5      | XOM: confusion
  5094 | D:5      | XOM is BORED!
  5094 | D:5      | XOM: mild Trmt miscast
  5328 | D:6      | XOM: butterfly on damage
  5500 | D:6      | Noticed Duvessa
  5503 | D:6      | Noticed Dowan
  5504 | D:6      | XOM: 1-stop teleportation journey
  5520 | D:6      | XOM: harmless Chrm miscast
  5529 | D:6      | XOM: chaos cloud
  5533 | D:6      | Paralysed by you for 7 turns
  5533 | D:6      | XOM: potion effect (brilliance)
  5556 | D:6      | Reached skill level 14 in Maces & Flails
  5556 | D:6      | Reached XP level 9. HP: 46/84 MP: 9/9
  5570 | D:6      | Found a glowing drain.
  5618 | Sewer    | Entered a sewer
  6024 | Sewer    | XOM: blink monster(s)
  6040 | Sewer    | HP: 21/84 [kobold/bolt of frost (12)]
  6041 | Sewer    | HP: 8/84 [kobold/bolt of frost (3)]
  6183 | Sewer    | XOM: mild Ice miscast
  6197 | Sewer    | Found a white marble altar of Elyvilon.
  6379 | D:6      | HP: 15/84 [something (14)]
  6382 | D:6      | Noticed Grinder
  6387 | D:6      | XOM: enchant monster (bad)
  6748 | D:7      | XOM: noise
  6749 | D:7      | Upgraded the game from 0.17-a0-1311-gbcbd859 to 0.17-a0-1324-ga541562
  6844 | D:7      | XOM: harmless Ice miscast
  6868 | D:7      | XOM: medium Fire miscast
  6989 | D:7      | Found a staircase to the Ecumenical Temple.
  7048 | D:7      | XOM: harmless Air miscast
  7077 | D:7      | Reached skill level 3 in Dodging
  7399 | D:7      | Noticed Crazy Yiuf
  7404 | D:7      | Killed Crazy Yiuf
  7863 | D:8      | Found a staircase to the Lair.
  7894 | D:8      | Reached skill level 4 in Dodging
  8059 | D:8      | XOM: destruction
  8067 | D:8      | XOM: divination: magic mapping
  8402 | D:8      | XOM: god gift: 50 gold pieces
  8506 | D:8      | Reached skill level 5 in Dodging
  8600 | D:8      | XOM: swap monsters
  8841 | D:8      | Reached skill level 6 in Dodging
  9206 | D:8      | XOM: god gift: antique book {god gift}
  9207 | D:8      | Identified Ceqorace's Catalogue of Unstable Creation (Xom gifted it to you on level 8 of the Dungeon)
  9229 | D:8      | XOM: summons friendly ufetubus
  9349 | D:8      | XOM: scenery: create altars
  9431 | D:8      | Noticed a two-headed hydra
  9438 | D:8      | XOM: enchant monster (good)
  9445 | D:8      | Killed a two-headed hydra
  9445 | D:8      | Reached skill level 8 in Dodging
  9445 | D:8      | Reached XP level 10. HP: 92/92 MP: 10/10
  9519 | D:8      | XOM: give mutations
  9519 | D:8      | Gained mutation: You can spit weak poison. [Xom's grace]
  9519 | D:8      | Gained mutation: You have a pair of small horns on your head. [Xom's grace]
  9519 | D:8      | Gained mutation: You have a pair of horns on your head. [Xom's grace]
  9519 | D:8      | Gained mutation: You passively map a small area around you. [Xom's grace]
  9787 | D:9      | XOM: divine lightning (protected)
  9876 | D:9      | Found a radiant altar of Vehumet.
  9876 | D:9      | XOM: 7-stop teleportation journey
  9968 | D:9      | XOM: 4-stop teleportation journey
  9982 | D:9      | HP: 21/92 [something (9)]
 10308 | D:9      | Found Tedusohe's Antique Armour Shop.
 10311 | D:9      | Bought a glowing robe for 22 gold pieces
 10462 | D:9      | Reached skill level 9 in Dodging
 10745 | D:9      | XOM: 1-stop teleportation journey
 10751 | D:9      | HP: 20/92 [troll (8)]
 11009 | D:9      | XOM: polymorph jelly -> iguana
 11222 | D:9      | XOM: god gift: disc of storms
 11395 | D:9      | XOM is BORED!
 11395 | D:9      | XOM: medium Pois miscast
 11464 | D:9      | Reached skill level 10 in Dodging
 11481 | D:9      | HP: 22/92 [something (6)]
 11483 | D:9      | Gained mutation: Your mind is acute. (Int +2) [potion of beneficial mutation]
 11485 | D:9      | Gained mutation: You are partially covered in iridescent scales (AC +4). [potion of beneficial mutation]
 11616 | D:9      | XOM: 1-stop teleportation journey
 11649 | D:9      | XOM: smoke on damage
 11891 | D:8      | XOM: god gift: plate armour {god gift}
 11985 | D:9      | Killed an unseen horror
 11985 | D:9      | Reached skill level 6 in Fighting
 11985 | D:9      | Reached XP level 11. HP: 72/105 MP: 11/11
 12026 | D:9      | XOM: confuse monster(s)
 12125 | D:9      | XOM: enchant monster (good)
 12130 | D:9      | Reached skill level 7 in Fighting
 12193 | D:9      | Got a brightly glowing ivory ring
 12194 | D:9      | Identified the cursed ring "Bitubbush" {rElec rPois rF- Str-3 Dex+7} (You found it on level 9 of the Dungeon)
 12266 | D:9      | XOM: silly message
 12278 | D:9      | XOM: cast spell 'Beastly Appendage'
 12289 | D:9      | Reached skill level 8 in Fighting
 12454 | D:9      | XOM: enchant monster (bad)
 12526 | D:9      | XOM: 5-stop teleportation journey
 12576 | D:9      | XOM: chaos cloud
 12577 | D:9      | Paralysed by you for 3 turns
 12587 | D:9      | Noticed a seven-headed hydra
 12630 | D:9      | Reached skill level 9 in Fighting
 12634 | D:10     | Entered Level 10 of the Dungeon
 12670 | D:10     | Found a flagged portal.
 12687 | Bailey   | Entered a bailey
 13041 | Bailey   | XOM: smoke on damage
 13179 | Bailey   | Noticed an orc knight
 13258 | D:10     | Found Feurghaotz's Book Shoppe.
 13286 | D:10     | XOM: confuse monster(s)
 13294 | D:10     | XOM: summons friendly white imp
 13318 | D:10     | Noticed an ice statue
 13323 | D:10     | XOM: colour smoke trail
 13431 | D:10     | XOM: vitrification
 13547 | D:10     | Reached skill level 10 in Fighting
 13556 | D:10     | XOM: divination: magic mapping
 13590 | D:10     | Noticed a hill giant
 13590 | D:10     | XOM: snakes to sticks
 13690 | D:10     | XOM: fog
 13700 | D:10     | XOM: destruction
 13705 | D:10     | Noticed a six-headed hydra
 13712 | D:10     | XOM: polymorph giant frog -> worm
 13720 | D:10     | Noticed a hill giant
 13724 | D:10     | HP: 7/119 [hill giant/giant spiked club (27)]
 13725 | D:10     | HP: 1/119 [barbs]
 13726 | D:10     | Succumbed to a manticore's barbed spikes

Vault maps used:
D:1:      enne_arrival_octagon_isle, minivault_14, grunt_decor_resistance,
          roderic_roman_lattice
D:2:      first_bread, uniq_terence
D:4:      minmay_quantized, uniq_robin, uniq_edmund, uniq_purgy,
          uniq_blork_the_orc
D:5:      basic_altar, minmay_fire_ice_demons
D:6:      portal_sewer_entry_c, uniq_grinder, uniq_duvessa
D:7:      minmay_temple_entry_grid, uniq_crazy_yiuf_cottage
D:8:      lair_0_dummy, hangedman_ranch
D:9:      minmay_quarter_circles, overflow_temple_1_default, serial_shops,
          nicolae_shop_behind_doors, water_boxes_lemuel
D:10:     enter_bailey_3, serial_shops, shop, minmay_holes, minivault_16,
          minivault_28
Sewer:    sewer_kobolds
Bailey:   bailey_axe_minmay_hex_keep, bailey

Action                   |  1- 3 |  4- 6 |  7- 9 | 10-12 || total
-------------------------+-------+-------+-------+-------++-------
Melee: Mace              |    91 |     3 |       |       ||    94
       Whip              |       |   148 |       |       ||   148
       Flail             |       |    18 |   337 |       ||   355
       Dire flail        |       |       |    64 |   487 ||   551
 Fire: Blowgun           |       |       |       |     2 ||     2
Evoke: Wand              |       |     1 |     9 |     6 ||    16
       Disc of storms    |       |       |       |     1 ||     1
  Use: Scroll            |     1 |     4 |    15 |    11 ||    31
       Potion            |     1 |     2 |     7 |     8 ||    18
 Stab: Sleeping          |     2 |       |       |       ||     2
       Confused          |       |       |     1 |       ||     1
       Paralysed         |       |       |     7 |       ||     7
       Petrifying        |       |       |       |     1 ||     1
  Eat: Chunk             |       |     8 |    13 |    15 ||    36
       Beef jerky        |       |       |     1 |     1 ||     2
       Pizza             |       |       |     1 |       ||     1
       Bread ration      |       |       |     1 |       ||     1

Vault maps used:
D:1:      enne_arrival_octagon_isle, minivault_14, grunt_decor_resistance,
          roderic_roman_lattice
D:2:      first_bread, uniq_terence
D:4:      minmay_quantized, uniq_robin, uniq_edmund, uniq_purgy,
          uniq_blork_the_orc
D:5:      basic_altar, minmay_fire_ice_demons
D:6:      portal_sewer_entry_c, uniq_grinder, uniq_duvessa
D:7:      minmay_temple_entry_grid, uniq_crazy_yiuf_cottage
D:8:      lair_0_dummy, hangedman_ranch
D:9:      minmay_quarter_circles, overflow_temple_1_default, serial_shops,
          nicolae_shop_behind_doors, water_boxes_lemuel
D:10:     enter_bailey_3, serial_shops, shop, minmay_holes, minivault_16,
          minivault_28
Sewer:    sewer_kobolds
Bailey:   bailey_axe_minmay_hex_keep, bailey

Table legend:
 A = Turns spent in this place as a percentage of turns spent in the entire game.
 B = Non-inter-level travel turns spent in this place as a percentage of non-inter-level travel turns spent in the entire game.
 C = Inter-level travel turns spent in this place as a percentage of turns spent in this place.
 D = Turns resting spent in this place as a percentage of non-inter-level travel turns spent in this place.
 E = Turns spent auto-exploring this place as a percentage of non-inter-level travel turns spent in this place.
 F = Non-inter-level travel turns spent in this place divided by the number of levels of this place that you've seen.
                   A       B       C       D       E      F
               +-------+-------+-------+-------+-------+----------------------
         Total | 100.0 | 100.0 |   0.4 |   3.0 |   7.2 | 372.2
       Dungeon |  90.4 |  90.4 |   0.4 |   3.0 |   7.8 | 403.6
         Sewer |   2.3 |   2.3 |   0.0 |   6.8 |   6.8 | 103.0
        Bailey |   7.3 |   7.3 |   0.0 |   1.2 |   0.0 | 328.0
               +-------+-------+-------+-------+-------+----------------------

Table legend:
 A = Kills in this place as a percentage of kills in entire the game.
 B = Kills by you in this place as a percentage of kills by you in the entire game.
 C = Kills by friends in this place as a percentage of kills by friends in the entire game.
 D = Other kills in this place as a percentage of other kills in the entire game.
 E = Experience gained in this place as a percentage of experience gained in the entire game.
 F = Experience gained in this place divided by the number of levels of this place that you have seen.
                   A       B       C       D       E      F
               +-------+-------+-------+-------+-------+----------------------
         Total | 100.0 | 100.0 | 100.0 |  -nan | 100.0 | 1112.8
       Dungeon |  85.9 |  85.5 | 100.0 |  -nan |  95.4 | 1274.5
         Sewer |   3.1 |   3.2 |   0.0 |  -nan |   1.0 | 139.0
        Bailey |  11.0 |  11.3 |   0.0 |  -nan |   3.5 | 469.0
               +-------+-------+-------+-------+-------+----------------------
